 Dungeon Crawl Stone Soup version 0.27-a0-1185-ga233589e6f (webtiles) character file.

Game seed: 10551995825950911146

6374 Morbidden the Magician (level 10, 0/74 HPs)
             Began as a Demonspawn Air Elementalist on May 19, 2021.
             Was a Priest of Cheibriados.
             Slain by a gargoyle
             ... wielding a +0 mace
              (7 damage)
             ... on level 10 of the Dungeon.
             The game lasted 00:18:41 (16471 turns).

Morbidden the Magician (DsAE)                      Turns: 16471, Time: 00:18:42

Health: 0/74       AC:  4    Str: 15    XL:     10   Next: 65%
Magic:  0/21       EV: 17    Int: 28    God:    Cheibriados [***...]
Gold:   554        SH:  0    Dex: 26    Spells: 13/24 levels left

rFire    . . .     SeeInvis +   a - +2 dagger (venom)
rCold    . . .     Faith    .   (no shield)
rNeg     . . .     Spirit   .   c - +0 robe
rPois    .         Reflect  .   (helmet restricted)
rElec    .         Harm     .   L - +0 cloak
rCorr    .         Rampage  .   (no gloves)
Will     .....                  C - +0 pair of boots
Stlth    +++.......             (no amulet)
HPRegen  0.22/turn              s - ring of see invisible
MPRegen  0.17/turn              D - +6 ring of dexterity

@: very slow
A: horns 2, demonic magic 1
a: Renounce Religion, Bend Time, Temporal Distortion


You were on level 10 of the Dungeon.
You worshipped Cheibriados.
Cheibriados was most pleased with you.
You visited 2 branches of the dungeon, and saw 11 of its levels.

You collected 554 gold pieces.

Inventory:

Hand Weapons
 a - a +2 dagger of venom (weapon)
 b - a +3 scimitar
 J - a +5 dagger of freezing
Missiles
 j - 53 poisoned darts (quivered)
 k - a curare-tipped dart
 o - 8 atropa-tipped darts
 u - 2 throwing nets
 A - 2 silver javelins
Armour
 c - a +0 robe (worn)
 m - a +3 chain mail
 p - a +2 scale mail of fire resistance
 C - a +0 pair of boots (worn)
 L - a +0 cloak (worn)
Jewellery
 s - a ring of see invisible (left hand)
 y - a ring of positive energy
 D - a +6 ring of dexterity (right hand)
Wands
 l - a wand of paralysis (3)
 x - a wand of polymorph (7)
 N - a wand of iceblast (5)
Scrolls
 d - 3 scrolls of teleportation
 f - 2 scrolls of vulnerability {unknown}
 g - 5 scrolls of identify
 i - 4 scrolls of enchant armour {unknown}
 n - 2 scrolls of noise {unknown}
 q - 2 scrolls of enchant weapon {unknown}
 F - a scroll of fear {unknown}
 G - a scroll of torment {unknown}
 H - a scroll of acquirement {unknown}
 I - 3 scrolls of immolation {unknown}
 K - a scroll of holy word {unknown}
Potions
 e - 4 potions of might
 r - a potion of magic {unknown}
 t - a potion of haste {unknown}
 v - 2 potions of berserk rage {unknown}
 w - a potion of flight {unknown}
 z - a potion of brilliance {unknown}
 B - 2 potions of attraction {unknown}
 E - a potion of invisibility {unknown}
 M - a potion of ambrosia {unknown}


   Skills:
 * Level 5.3 Fighting
 + Level 2.5 Short Blades
 * Level 5.4 Dodging
 + Level 4.8 Stealth
 + Level 0.3 Unarmed Combat
 * Level 7.6 Spellcasting
 + Level 5.1 Conjurations
 * Level 2.2 Translocations
 * Level 7.6 Air Magic
 * Level 4.2 Invocations
 + Level 0.1 Evocations


You had 13 spell levels left.
You knew the following spells:

 Your Spells              Type           Power      Damage    Failure   Level
a - Airstrike             Air            26%        N/A       2%          4
b - Static Discharge      Conj/Air       46%        N/A       1%          2
c - Iskenderun's Mystic   Conj/Tloc      31%        2d8       12%         4
d - Shock                 Conj/Air       100%       1d9       1%          1

Your spell library contained the following spells:

 Spells                   Type           Power      Damage    Failure   Level
 Magic Dart               Conj           100%       1d8       1%          1
 Searing Ray              Conj           78%        3d6       1%          2
 Swiftness                Air            52%        N/A       1%          3
 Dazzling Flash           Conj/Hex       48%        N/A       5%          3
 Lightning Bolt           Conj/Air       23%        1d38      11%         5
 Fulminant Prism          Conj/Hex       12%        3d9       19%         4


Dungeon Overview and Level Annotations

Branches:
Dungeon (10/15)            Temple (1/1) D:6
   Lair: D:8-11         Orc: D:9-12

Altars:
Ashenzari
Cheibriados
Elyvilon
Fedhas
Gozag
Hepliaklqana
Kikubaaqudgha
Makhleb
Okawaru
Trog
Uskayaw
Vehumet
Wu Jian
Xom
Yredelemnul
Zin
The Shining One

Shops:
D:4 :


Innate Abilities, Weirdness & Mutations

You have a pair of horns on your head.
Spells you cast may paralyse adjacent enemies.


Message History

Confirm with . or Enter, or press ? or * to list all spells.
Aiming: Airstrike (dangerous; 2% risk of failure)
Press: ? - help, Dir - move target, f/p - gargoyle
Aim: a gargoyle, wielding a +0 mace (heavily damaged)
The air twists around and strikes the gargoyle but does no damage.
Malevolent energies surge around you. The gargoyle hits you with a +0 mace!
* * * LOW HITPOINT WARNING * * *
Unknown command.
Unknown command.
Unknown command.
Unknown command.
Unknown command.
Unknown command.
Unknown command.
Unknown command.
Unknown command.
You feel much better.
The gargoyle hurls a stone arrow at you.
The stone arrow hits you!!
* * * LOW HITPOINT WARNING * * *
Unknown command.
Unknown command.
Unknown command.
Unknown command.
Aiming: Paralyse
Press: ? - help, Shift-Dir - straight line, f/p - gargoyle
Aim: a gargoyle, wielding a +0 mace (heavily damaged, chance to affect: 28%)
The gargoyle easily resists.
The gargoyle hits you with a +0 mace!
* * * LOW HITPOINT WARNING * * *
Unknown command.
Unknown command.
Unknown command.
Unknown command.
Unknown command.
Unknown command.
Aiming: Paralyse
Press: ? - help, Shift-Dir - straight line, f/p - gargoyle
Aim: a gargoyle, wielding a +0 mace (heavily damaged, chance to affect: 28%)
The gargoyle easily resists.
The gargoyle hits you with a +0 mace!
You die...

#.?#.....#
#..#.....#
###........#
...........#
$.........## ###
###.####..# ..# .#
.. #.## #.# #.#. #9#
..# #.# #@# ..####.^
#.# .....#.# #.##
#....#.# #..#
#....#.# #..#
#......#########..#
#.................##
###########..####..#
##.#####.#


You could see a gargoyle.

Vanquished Creatures
  A two-headed ogre (D:5)
  A troll (D:9)
  Grinder (D:3)
  A wraith (D:9)
  4 yaks (D:9)
  A wyvern (D:10)
  Eustachio (D:3)
  A basilisk (D:9)
  A water moccasin (D:6)
  Duvessa (D:5)
  3 orc warriors
  3 sky beasts
  2 black bears (D:7)
  2 ice beasts
  A necrophage (D:6)
  2 centaurs
  2 phantoms
  3 kobold brigands
  2 bullfrogs
  4 scorpions (D:5)
  A wyvern zombie (D:7)
  Dowan (D:5)
  A wyvern skeleton (D:4)
  13 wights
  2 electric eels (D:7)
  4 howler monkeys
  A bullfrog zombie (D:6)
  2 centaur zombies (D:9)
  A gnoll shaman (D:8)
  7 orc priests
  2 hounds
  A jelly (D:5)
  2 bullfrog skeletons
  An iguana (D:6)
  Jessica (D:3)
  Ijyb (D:3)
  9 orc wizards
  A killer bee zombie (D:6)
  4 howler monkey zombies
  Robin (D:2)
  11 gnolls
  9 adders
  A shadow imp (D:7)
  A white imp (D:5)
  An adder zombie (D:5)
  An adder skeleton (D:2)
  A worm (D:2)
  A dart slug (D:1)
  31 orcs
  5 endoplasms
  3 giant cockroaches (D:4)
  14 goblins
  6 hobgoblins
  5 jackals
  9 quokkas
  6 ball pythons
  5 bats
  A frilled lizard (D:1)
  27 kobolds
  4 rats
235 creatures vanquished.

Vanquished Creatures (others)
  2 plants (D:6)
2 creatures vanquished.

Grand Total: 237 creatures vanquished

Notes
Turn   | Place    | Note
-------+----------+-------------------------------------------
     0 | D:1      | Morbidden the Demonspawn Air Elementalist began the quest
                  | for the Orb.
     0 | D:1      | Reached XP level 1. HP: 13/13 MP: 3/3
   673 | D:1      | Gained mutation: Spells you cast may paralyse adjacent
                  | enemies. [demonic ancestry]
   673 | D:1      | Reached XP level 2. HP: 5/20 MP: 0/5
  1088 | D:1      | Learned a level 2 spell: Static Discharge
  1877 | D:2      | Gained mutation: You have a pair of small horns on your
                  | head. [demonic ancestry]
  1877 | D:2      | Reached XP level 3. HP: 21/25 MP: 2/6
  2717 | D:2      | Reached XP level 4. HP: 26/31 MP: 5/7
  3190 | D:3      | Noticed Jessica
  3199 | D:3      | Killed Jessica
  3318 | D:3      | Noticed Robin
  3353 | D:2      | Killed Robin
  3354 | D:2      | Reached skill level 1 in Fighting
  3354 | D:2      | Reached XP level 5. HP: 13/37 MP: 3/9
  4216 | D:3      | Noticed Ijyb
  4224 | D:3      | Killed Ijyb
  4684 | D:3      | Found an iron altar of Okawaru.
  4896 | D:4      | Found Etiw's Book Emporium.
  4902 | D:4      | Reached XP level 6. HP: 41/44 MP: 6/10
  5460 | D:4      | Noticed Grinder
  5460 | D:4      | Noticed Eustachio
  5486 | D:3      | Paralysed by Grinder for 2 turns
  5490 | D:3      | Killed Grinder
  5491 | D:3      | Reached skill level 1 in Short Blades
  5491 | D:3      | Gained mutation: You have a pair of horns on your head.
                  | [demonic ancestry]
  5491 | D:3      | Reached XP level 7. HP: 32/50 MP: 5/12
  5722 | D:3      | Killed Eustachio
  6211 | D:4      | Found a hazy altar of Hepliaklqana.
  6257 | D:5      | Entered Level 5 of the Dungeon
  6676 | D:5      | Noticed a two-headed ogre
  6818 | D:5      | Killed a two-headed ogre
  6819 | D:5      | Reached skill level 5 in Spellcasting
  6819 | D:5      | Reached skill level 5 in Air Magic
  6819 | D:5      | Reached XP level 8. HP: 58/58 MP: 11/15
  6914 | D:5      | Found an ancient bone altar of Kikubaaqudgha.
  7005 | D:5      | Found a blossoming altar of Fedhas.
  7590 | D:5      | Reached XP level 9. HP: 37/65 MP: 17/17
  7938 | D:5      | Noticed Duvessa
  7940 | D:5      | Noticed Dowan
  7947 | D:5      | Killed Duvessa
  7949 | D:5      | Killed Dowan
  9101 | D:6      | Found a staircase to the Ecumenical Temple.
  9127 | Temple   | Entered the Ecumenical Temple
  9371 | Temple   | Became a worshipper of Cheibriados the Contemplative
  9424 | D:6      | Learned a level 4 spell: Iskenderun's Mystic Blast
  9728 | D:6      | Reached skill level 5 in Conjurations
  9843 | D:6      | You fall into a shaft and drop 3 floors!
 10134 | D:9      | Reached skill level 1 in Invocations
 10571 | D:9      | Reached skill level 1 in Translocations
 10829 | D:9      | Reached skill level 5 in Dodging
 11100 | D:9      | Reached * piety under Cheibriados
 11342 | D:9      | Reached XP level 10. HP: 58/73 MP: 11/19
 11347 | D:9      | Learned a level 4 spell: Airstrike
 13559 | D:8      | Reached skill level 5 in Fighting
 13945 | D:7      | Reached ** piety under Cheibriados
 15563 | D:7      | Reached *** piety under Cheibriados
 16379 | D:10     | Entered Level 10 of the Dungeon
 16453 | D:10     | Noticed a gargoyle
 16471 | D:10     | Slain by a gargoyle

Illustrated notes

Levels and vault maps discovered:
D:1:      lemuel_arrival_cross, layout_loops_ring
D:2:      layout_rooms, roderic_nine_men_s_morris, kennysheep_crisscross
D:3:      layout_rooms, old_standard_altar, amcnicky_altar_gilded,
          minmay_liquid_box, uniq_jessica, uniq_ijyb, uniq_robin
D:4:      cheibrodos_old_hovel, layout_basic, general_overflow_altar,
          serial_shops, shop, uniq_grinder, uniq_eustachio
D:5:      layout_layer_cave, fedhas_altar_2, lemuel_crystal_altar,
          grunt_ministairs_14, uniq_duvessa
D:6:      layout_gridville, zin_treasury, minmay_temple_entry_gardened_gates,
          kennysheep_generic_room_11
D:7:      layout_basic, minivault_14, lemuel_old_faithful
D:8:      layout_layer_cave, serial_bayou_pond_e
D:9:      layout_roguey, nicolae_zen_rock_garden
D:10:     lemuel_insect_pit, layout_basic, lemuel_tele_altar,
          grunt_qazlal_sundering
Temple:   dpeg_chambers_temple

Skill      XL: |  1  2  3  4  5  6  7  8  9 10 |
---------------+-------------------------------+-----
Dodging        | 2 3 4 5 |  5.4
Air Magic      | 3 4 5 6 7 |  7.6
Stealth        | 2 3 4 |  4.8
Conjurations   | 2 3 4 5 |  5.1
Fighting       | 1 2 3 4 5 |  5.3
Spellcasting   | 3 5 6 7 |  7.6
Short Blades   | 1 2 |  2.5
Invocations    | 2 4 |  4.2
Translocations | 1 2 |  2.2
Unarmed Combat | |  0.3
Evocations     | |  0.1

Action                   |  1- 3 |  4- 6 |  7- 9 | 10-12 || total
-------------------------+-------+-------+-------+-------++-------
Melee: Unarmed           |    16 |       |       |       ||    16
       Dagger            |    41 |    67 |   136 |    99 ||   343
       Headbutt          |     5 |    14 |    26 |    28 ||    73
       Punch             |       |       |     1 |       ||     1
Throw: Dart              |       |       |     4 |     2 ||     6
 Cast: Shock             |    66 |    76 |   125 |     1 ||   268
       Static Discharge  |     3 |    13 |    30 |    10 ||    56
       Airstrike         |       |       |       |    64 ||    64
Evoke: Wand              |       |       |     1 |     3 ||     4
  Use: Potion            |       |     1 |     1 |     3 ||     5
       Scroll            |       |     1 |       |     1 ||     2
 Stab: Sleeping          |     1 |     2 |     3 |       ||     6
       Paralysed         |     2 |    13 |    20 |     8 ||    43
Armor: Robe              |    13 |     8 |    16 |     8 ||    45
       Skin              |       |       |    13 |       ||    13
Dodge: Dodged            |    75 |    52 |    89 |    95 ||   311

Table legend: (Time is in decaauts)
 A = Elapsed time spent in this place.
 B = Non-inter-level travel time spent in this place.
 C = Inter-level travel time spent in this place.
 D = Time resting spent in this place.
 E = Time spent auto-exploring this place.
 F = Levels seen in this place.
 G = Mean time per level.
                   A        B        C        D        E       F      G
               +--------+--------+--------+--------+--------+-----+--------+
         Total |  17718 |  17065 |    653 |   2977 |  12195 |  11 | 1610.7 |
       Dungeon |  17457 |  16853 |    604 |   2977 |  11986 |  10 | 1745.7 |
        Temple |    260 |    211 |     49 |      0 |    209 |   1 |  260.0 |
               +--------+--------+--------+--------+--------+-----+--------+

Top non-repeatable levels by time:
     D:8: 2584 daAuts
     D:9: 2325 daAuts
     D:5: 2290 daAuts
     D:7: 2084 daAuts
     D:1: 1866 daAuts
     D:6: 1774 daAuts
     D:3: 1692 daAuts
     D:2: 1629 daAuts
     D:4: 1073 daAuts
  Temple: 260 daAuts
    D:10: 136 daAuts
